 Dungeon Crawl Stone Soup version 0.27.1 (webtiles) character file.

Game seed: 12134407456717777251

3286 pkoi the Grappler (level 9, -4/85 HPs)
             Began as a Troll Monk on Aug 23, 2021.
             Was an Elder of Nemelex Xobeh.
             Slain by a freezing wraith (8 damage)
             ... led by a death knight
             ... on level 7 of the Dungeon.
             The game lasted 00:07:07 (5088 turns).

pkoi the Grappler (Troll Monk)                      Turns: 5088, Time: 00:07:09

Health: -4/85      AC:  9    Str: 24    XL:     9   Next: 69%
Magic:  12/12      EV: 11    Int:  6    God:    Nemelex Xobeh [****..]
Gold:   331        SH:  0    Dex: 14    Spells: 8/8 levels left

rFire    . . .     SeeInvis +     - Unarmed
rCold    + . .     Faith    .   (no shield)
rNeg     . . .     Spirit   .   a - +1 robe
rPois    +         Reflect  .   (helmet restricted)
rElec    .         Harm     .   (no cloak)
rCorr    .         Rampage  .   (gloves unavailable)
Will     .....                  (boots unavailable)
Stlth    ++........             (no amulet)
HPRegen  1.24/turn              y - ring of Medef {rPois rC+ Dex+2 SInv}
MPRegen  0.13/turn              w - +4 ring of protection

@: slowed, very slow
A: large, unfitting armour, claws 3, regeneration 1, shaggy fur 1, tough skin 1
a: Renounce Religion, Draw Escape, Draw Destruction, Draw Summoning, Triple
Draw, Deal Four


You were on level 7 of the Dungeon.
You worshipped Nemelex Xobeh.
Nemelex Xobeh was greatly pleased with you.
You visited 1 branch of the dungeon, and saw 8 of its levels.

You collected 331 gold pieces.

Inventory:

Missiles
 c - 36 poisoned darts (quivered)
Armour
 a - a +1 robe (worn)
 B - a +2 kite shield of poison resistance
Jewellery
 e - a ring of protection from cold
 h - an amulet of faith
 u - a +6 ring of intelligence
 w - a +4 ring of protection (right claw)
 y - the ring of Medef (left claw) {rPois rC+ Dex+2 SInv}
   (You acquired it on level 7 of the Dungeon)

   [ring of poison resistance]

   Dex:       It affects your dexterity (+2).
   rC:        It protects you from cold.
   rPois:     It protects you from poison.
   SInv:      It lets you see invisible.
Wands
 i - a wand of polymorph (8)
 o - a wand of paralysis (7)
 p - a wand of acid (11)
 v - a wand of iceblast (4)
Scrolls
 l - a scroll of holy word
 q - a scroll of magic mapping
 s - 3 scrolls of teleportation
Potions
 b - 2 potions of lignification {unknown}
 d - 3 potions of flight {unknown}
 f - 4 potions of heal wounds
 g - 2 potions of curing {unknown}
 j - 3 potions of attraction {unknown}
 k - 2 potions of magic
 n - a potion of haste
 r - 2 potions of brilliance {unknown}
 t - a potion of degeneration {unknown}
 x - a potion of might {unknown}
 z - a potion of mutation {unknown}


   Skills:
 + Level 4.5 Fighting
 + Level 4.4 Dodging
 - Level 1.0 Stealth
 + Level 3.0 Shields
 * Level 9.4 Unarmed Combat
 * Level 5.8 Invocations
 + Level 2.2 Evocations


You had 8 spell levels left.
You didn't know any spells.
Your spell library contained the following spells:

 Spells                   Type           Power      Damage    Failure   Level
 Summon Small Mammal      Summ           0%         N/A       45%         1
 Call Canine Familiar     Summ           0%         N/A       83%         3
 Summon Guardian Golem    Hex/Summ       0%         N/A       83%         3


Dungeon Overview and Level Annotations

Branches:
Dungeon (8/15)             Temple (0/1) D:4
   Lair: D:8-11

Altars:
Ashenzari
Elyvilon
Fedhas
Gozag
Nemelex Xobeh
Sif Muna
Xom
Zin
The Shining One

Shops:
D:4 :

Annotations:
D:7 3 runed translucent doors, RatsInWalls's ghost, amateur HOMo


Innate Abilities, Weirdness & Mutations

You are too large for most types of armour.
You have claws for hands.
Your natural rate of healing is unusually fast.
You are covered in fur. (AC +1)
You have tough skin. (AC +1)


Message History

The freezing wraith closely misses you.
You climb upwards.
Level annotation: 3 runed translucent doors, RatsInWalls's ghost, amateur HOMo
There is a stone staircase leading down, spattered with blood here.
You can't go up here!
You claw the freezing wraith!
The freezing wraith is heavily damaged.
The freezing wraith misses you. The freezing wraith hits you!
The freezing wraith drains your vigour!
You feel as though you will be slow longer.
The freezing wraith hits you. The freezing wraith freezes you! You resist.
* * * LOW HITPOINT WARNING * * *
The freezing wraith barely misses you.
You draw a card...
You have drawn Velocity.
Nothing appears to happen.
The freezing wraith hits you.
* * * LOW HITPOINT WARNING * * *
The freezing wraith freezes you! You resist.
* * * LOW HITPOINT WARNING * * *
The freezing wraith hits you.
* * * LOW HITPOINT WARNING * * *
You draw a card...
You have drawn Wild Magic.
The freezing wraith is covered in a thin layer of ice.
The freezing wraith completely resists.
You feel a surge of magic. The freezing wraith hits you.
* * * LOW HITPOINT WARNING * * *
The freezing wraith freezes you. You resist.
* * * LOW HITPOINT WARNING * * *
The freezing wraith barely misses you.
The freezing wraith hits you but does no damage.
The freezing wraith hits you.
* * * LOW HITPOINT WARNING * * *
The freezing wraith drains your vigour!
You feel as though you will be slow longer.
You draw a card...
You have drawn Wild Magic.
The freezing wraith looks sleepy for a second.
The freezing wraith seems to slow down.
You feel a surge of magic.
The deck of cards glows slightly and disappears.
The freezing wraith hits you!
You die...
Your body disappears without a glow.

.........#
##.......#####.######
.........# #.......#
#.# .........#
##......# #.#
##############......#
#.# #..........# #.#
#.......#### #.#
#.......####
##'#######
#)....÷.÷..#
#......... ##
#.....W@†..#
#....(.... .##
#..........#
#......... ..#
#..........#
#.........
#.########..........#
#.........
#...................#
#.........
#).###########......#
#......... +..#
#.###### #.........
+..# #†# #.........
+..# #.# #.........


You could see a freezing wraith (slow).

Vanquished Creatures
  Psyche (D:8)
  A freezing wraith (D:8)
  2 water moccasins (D:7)
  2 ice beasts
  A sky beast (D:6)
  2 black bears (D:8)
  3 necrophages
  2 ogres (D:4)
  2 centaurs
  A phantom (D:5)
  2 bullfrogs
  A gnoll sergeant (D:8)
  8 killer bees (D:7)
  3 wights (D:7)
  2 howler monkeys
  A jelly (D:5)
  An orc priest (D:7)
  3 hounds
  A bullfrog skeleton (D:5)
  A centaur skeleton (D:6)
  Jessica (D:3)
  Ijyb (D:5)
  2 iguanas
  2 orc wizards (D:2)
  A hound zombie (D:5)
  2 hound skeletons
  9 gnolls
  12 adders
  2 shadow imps (D:7)
  A white imp (D:7)
  An adder skeleton (D:4)
  A worm (D:2)
  3 dart slugs
  8 orcs
  2 bats
  7 endoplasms
  8 giant cockroaches
  11 goblins
  6 hobgoblins
  6 jackals
  7 quokkas
  5 ball pythons
  6 frilled lizards
  5 kobolds
  A rat (D:3)
150 creatures vanquished.

Notes
Turn   | Place    | Note
-------+----------+-------------------------------------------
     0 | D:1      | pkoi the Troll Monk began the quest for the Orb.
     0 | D:1      | Reached XP level 1. HP: 22/22 MP: 0/0
    46 | D:1      | Found a faded altar of an unknown god.
   121 | D:1      | Reached XP level 2. HP: 29/29 MP: 1/1
   766 | D:2      | Reached skill level 4 in Unarmed Combat
   842 | D:2      | Reached XP level 3. HP: 30/36 MP: 2/2
   848 | D:2      | Reached skill level 5 in Unarmed Combat
   848 | D:2      | Reached XP level 4. HP: 36/44 MP: 3/3
  1106 | D:2      | Noticed a necrophage
  1115 | D:2      | Killed a necrophage
  1116 | D:2      | Reached skill level 6 in Unarmed Combat
  1116 | D:2      | Reached XP level 5. HP: 49/50 MP: 4/4
  1628 | D:3      | Noticed Jessica
  1635 | D:3      | Killed Jessica
  1688 | D:3      | Found a shimmering altar of Xom.
  1696 | D:3      | Found a sparkling altar of Nemelex Xobeh.
  1701 | D:3      | Found a shimmering blue altar of Sif Muna.
  1745 | D:3      | Became a worshipper of Nemelex Xobeh the Trickster
  1745 | D:3      | Reached * piety under Nemelex Xobeh
  1745 | D:3      | Received a gift from Nemelex Xobeh
  1745 | D:3      | Reached ** piety under Nemelex Xobeh
  1884 | D:3      | Reached XP level 6. HP: 59/59 MP: 5/5
  2079 | D:4      | Reached skill level 1 in Invocations
  2095 | D:4      | Found Bonoep's Book Shop.
  2122 | D:4      | Found a glowing golden altar of the Shining One.
  2152 | D:4      | Found a staircase to the Ecumenical Temple.
  2220 | D:4      | Reached skill level 7 in Unarmed Combat
  2226 | D:4      | Reached XP level 7. HP: 6/66 MP: 5/7
  2226 | D:4      | HP: 3/66 [iguana (10)]
  2414 | D:4      | Found a glowing drain.
  2456 | D:4      | Found a blossoming altar of Fedhas.
  2460 | D:4      | Found a white marble altar of Elyvilon.
  2484 | D:4      | Identified the +5 dagger of Mayhem {venom, Fly rF+}
  2486 | D:4      | Found an opulent altar of Gozag.
  2673 | D:5      | Entered Level 5 of the Dungeon
  2673 | D:5      | Noticed Ijyb
  2674 | D:5      | Paralysed by Ijyb for 6 turns
  2685 | D:5      | Killed Ijyb
  2908 | D:5      | Reached skill level 1 in Shields
  2933 | D:5      | Reached *** piety under Nemelex Xobeh
  2942 | D:5      | Reached XP level 8. HP: 75/75 MP: 9/9
  3383 | D:6      | Found a glowing silver altar of Zin.
  3437 | D:6      | Reached skill level 8 in Unarmed Combat
  3481 | D:6      | Found a broken altar of Ashenzari.
  3832 | D:7      | Received a gift from Nemelex Xobeh
  3946 | D:7      | Noticed RatsInWalls's ghost (amateur HOMo)
  3976 | D:7      | Found a runed translucent gate.
  3976 | D:7      | Found a runed translucent gate.
  3976 | D:7      | Found a runed translucent gate.
  4008 | D:7      | Reached **** piety under Nemelex Xobeh
  4056 | D:7      | Identified a scroll of acquirement
  4056 | D:7      | Acquired the ring of Medef {rPois rC+ Dex+2 SInv}
  4595 | D:7      | Reached skill level 1 in Evocations
  4743 | D:8      | Reached XP level 9. HP: 66/84 MP: 11/11
  4840 | D:8      | Reached skill level 5 in Invocations
  4906 | D:8      | Noticed Psyche
  4925 | D:7      | Reached skill level 9 in Unarmed Combat
  4976 | D:8      | Killed Psyche
  5006 | D:8      | Noticed a freezing wraith
  5016 | D:8      | Killed a freezing wraith
  5033 | D:8      | Noticed a freezing wraith
  5033 | D:8      | Noticed a death knight
  5087 | D:7      | HP: 3/85 [freezing wraith[a death knight] (4)]
  5088 | D:7      | Slain by a freezing wraith

Illustrated notes

Levels and vault maps discovered:
D:1:      minmay_arrival_loop, layout_basic,
          hellmonk_ecumenical_altar_arch_garden, serial_park_tiny_2
D:2:      layout_loops_corners
D:3:      layout_rooms, grunt_temple_overflow_diamond,
          amcnicky_mini_rare_corridor_liquid, uniq_jessica
D:4:      minmay_bubble_buster, layout_rooms, mainiacjoe_overflow_cross_hatched,
          kennysheep_little_box, mainiacjoe_overflow_large_starburst,
          minmay_temple_entry_arrows, serial_shops, shop, gup_sewer_entry_glass
D:5:      minmay_spotlight, layout_basic, serial_curves, eino_curves_03,
          eino_curves_02, uniq_ijyb
D:6:      layout_rooms, old_standard_altar, mainiacjoe_overflow_paths,
          serial_glass, glass_columns_a, glass_columns_a
D:7:      layout_basic, gammafunk_ghost_icy, minmay_misc_feat_nine_boxes
D:8:      layout_cave_pools, serial_gnoll_camp, gnoll_camp_huts_basic,
          gnoll_camp_medium_02, gnoll_camp_mini_hut, gnoll_camp_mini_hut,
          enter_ossuary_5, uniq_psyche

Skill      XL: |  1  2  3  4  5  6  7  8  9 |
---------------+----------------------------+-----
Unarmed Combat | 4 5 6 7 8 9 |  9.4
Invocations    | 2 3 4 5 |  5.8
Fighting       | 3 4 |  4.5
Dodging        | 3 4 |  4.4
Shields        | 1 2 3 |  3.0
Evocations     | 1 2 |  2.2
Stealth        | |  1.0

Action                   |  1- 3 |  4- 6 |  7- 9 || total
-------------------------+-------+-------+-------++-------
Melee: Unarmed           |    46 |   121 |   278 ||   445
       Punch             |       |     2 |     1 ||     3
Invok: Draw Escape       |       |     1 |     2 ||     3
       Draw Destruction  |       |     1 |     5 ||     6
       Draw Summoning    |       |       |     1 ||     1
  Use: Scroll            |     1 |     2 |    13 ||    16
 Stab: Sleeping          |     1 |     2 |     2 ||     5
Armor: Robe              |     8 |    28 |   114 ||   150
Dodge: Dodged            |    13 |    46 |   120 ||   179
Block: Kite shield       |       |       |   134 ||   134
